 Dungeon Crawl Stone Soup version 0.31-a0-981-geadf994542 (webtiles) character file.

Game seed: 17928715649246827522

1948 Lusmu the Covert (level 9, -12/54 HPs)
             Began as a Kobold Brigand on Oct 31, 2023.
             Was a Follower of Nemelex Xobeh.
             Mangled by a wyvern (17 damage)
             ... on level 7 of the Dungeon.
             The game lasted 00:48:44 (6797 turns).

Lusmu the Covert (Kobold Brigand)                   Turns: 6797, Time: 00:48:45

Health: -12/54     AC:  5    Str: 16    XL:     9   Next: 41%
Magic:  14/14      EV: 17    Int: 13    God:    Nemelex Xobeh [*.....]
Gold:   156        SH:  0    Dex: 18    Spells: 8/8 levels left

rFire   + . .        j - +2 dagger (holy)
rCold   . . .        (no shield)
rNeg    . . .        C - +2 robe {rF+}
rPois   .            (no helmet)
rElec   .            c - +0 cloak
rCorr   .            (no gloves)
SInv    .            (no boots)
Will    .....        (no amulet)
Stlth   ++++++       l - +4 ring of slaying
HPRegen 0.29/turn    y - +6 ring of strength
MPRegen 0.14/turn

%: no passive effects
@: no status effects
A: small, no large weapons, nightstalker 3
a: Renounce Religion, Draw Escape, Draw Destruction, Draw Summoning


You were on level 7 of the Dungeon.
You worshipped Nemelex Xobeh.
Nemelex Xobeh was aware of your devotion.
You visited 2 branches of the dungeon, and saw 8 of its levels.
You also visited: Sewer.

You collected 212 gold pieces.
You spent 56 gold pieces at shops.

Inventory:

Hand Weapons
 j - a +2 dagger of holy wrath (weapon)
 A - a +0 sling
 D - a +1 short sword of speed
Missiles
 d - 27 poisoned darts (quivered)
 e - a curare-tipped dart
Armour
 c - a +0 cloak (worn)
 C - a +2 robe of fire resistance (worn)
Magical Staves
 B - a staff of earth
Jewellery
 l - a +4 ring of slaying (left hand)
 y - a +6 ring of strength (right hand)
 F - a ring of resist corrosion
Talismans
 a - a blade talisman
 b - a serpent talisman
 i - a beast talisman
Scrolls
 f - a scroll of enchant armour
 k - a scroll of revelation
 m - 2 scrolls of vulnerability
 n - 3 scrolls of amnesia
 o - a scroll of fear
 q - 2 scrolls of teleportation {unknown}
 s - a scroll of immolation
 u - a scroll of poison
 E - 2 scrolls of enchant weapon {unknown}
Potions
 g - 2 potions of curing
 h - 3 potions of degeneration
 p - 3 potions of lignification {unknown}
 t - a potion of haste {unknown}
 v - 3 potions of enlightenment
 w - 6 potions of heal wounds {unknown}
 x - a potion of magic {unknown}
 z - a potion of mutation {unknown}
 G - a potion of resistance {unknown}


   Skills:
 - Level 5.0 Fighting
 - Level 5.0 Short Blades
 - Level 5.0 Throwing
 - Level 5.0 Dodging
 - Level 10.0 Stealth
 + Level 6.7 Invocations


You had 8 spell levels left.
You didn't know any spells.
Your spell library contained the following spells:

 Spells                   Type           Power      Damage    Failure   Level
 Stone Arrow              Conj/Erth      0%         3d7       67%         3
 Animate Armour           Summ/Erth      0%         N/A       97%         4
 Lehudib's Crystal Spear  Conj/Erth      0%         10d2      100%        8


Dungeon Overview and Level Annotations

Branches:
Dungeon (7/15)             Temple (1/1) D:7           Sewer (visited)

Altars:
Ashenzari
Cheibriados
Dithmenos
Elyvilon
Fedhas
Gozag
Hepliaklqana
Kikubaaqudgha
Makhleb
Nemelex Xobeh
Okawaru
Qazlal
Ru
Sif Muna
Trog
Uskayaw
Vehumet
Wu Jian
Xom
Yredelemnul
Zin
The Shining One

Shops:
D:6 ?

Annotations:
D:3 Sigmund


Innate Abilities, Weirdness & Mutations

You are small and have problems with some larger weapons.
You are completely attuned to the shadows.


Message History

A wyvern is nearby!
The wyvern completely misses you.
You hit the wyvern but do no damage. You closely miss the wyvern.
The wyvern misses you.
You barely miss the wyvern. The wyvern closely misses you.
You hit the wyvern.
The wyvern is lightly wounded.
The wyvern misses you.
You puncture the wyvern!
The wyvern is moderately wounded.
The wyvern completely misses you.
You hit the wyvern.
The wyvern is heavily wounded.
The wyvern barely misses you.
You hit the wyvern.
The wyvern is heavily wounded.
The wyvern bites you!!
You hear an angry hiss.
You hit the wyvern.
The wyvern is severely wounded.
The wyvern bites you!
A wyvern comes into view.
You hit the wyvern.
The wyvern is almost dead.
The wyvern bites you! The wyvern barely misses you.
You hit the wyvern but do no damage.
The wyvern is almost dead.
The wyvern misses you.
You closely miss the wyvern.
The wyvern is almost dead.
The wyvern bites you.
* * * LOW HITPOINT WARNING * * *
The wyvern barely misses you.
You hit the wyvern but do no damage.
The wyvern is almost dead.
The wyvern bites you!
* * * LOW HITPOINT WARNING * * *
The wyvern bites you!
You die...
Your body disappears without a glow.

....... ##########+# ......#
#........... ......# #...........
......##.#........... ....
...l@.##.#...........
#....###+###l##.#...........
........#.....#.##.#..........#
........#.#'#.#.##'#'#######..#
........'.#>#.'...............#
#.....l..#.###.#........####...#
#........#.....#........####...#
#........###'###...............#
##....(.....#.รท..................


You could see 2 wyverns.

Vanquished Creatures
  Eustachio (D:6)
  Menkaure (D:5)
  A water moccasin (D:6)
  A sky beast (D:6)
  An orc warrior (D:7)
  A black bear (D:6)
  2 ogres (D:5)
  2 phantoms
  A kobold brigand (D:7)
  Blork the orc (D:4)
  2 bullfrogs
  A crimson imp (D:6)
  A jelly (D:6)
  4 hounds
  2 orc priests (D:6)
  2 iguanas
  3 orc wizards
  3 gnolls (D:6)
  4 river rats
  16 adders
  2 white imps
  4 worms
  A dart slug (D:5)
  16 orcs
  12 ball pythons
  9 endoplasms
  11 giant cockroaches
  4 goblins
  4 hobgoblins
  3 jackals (Sewer)
  11 kobolds
  5 quokkas
  7 bats
  3 frilled lizards
  6 rats
148 creatures vanquished.

Notes
Turn   | Place    | Note
-------+----------+-------------------------------------------
     0 | D:1      | Lusmu the Kobold Brigand began the quest for the Orb.
     0 | D:1      | Reached XP level 1. HP: 12/12 MP: 1/1
   184 | D:1      | Reached XP level 2. HP: 16/17 MP: 2/2
   731 | D:1      | Reached XP level 3. HP: 21/21 MP: 3/3
  1438 | D:2      | Reached skill level 6 in Stealth
  1638 | D:3      | Found a faded altar of an unknown god.
  1640 | D:3      | Reached XP level 4. HP: 26/26 MP: 4/4
  1978 | D:3      | Reached XP level 5. HP: 12/30 MP: 5/5
  2061 | D:3      | Found a glowing drain.
  2072 | Sewer    | Entered a sewer
  2762 | Sewer    | Reached skill level 5 in Short Blades
  2766 | Sewer    | Reached XP level 6. HP: 13/35 MP: 6/6
  2768 | Sewer    | Reached skill level 7 in Stealth
  3124 | D:3      | Noticed Sigmund
  3207 | D:3      | Found a white marble altar of Elyvilon.
  3778 | D:4      | Reached XP level 7. HP: 40/40 MP: 7/7
  3920 | D:4      | Found a glowing silver altar of Zin.
  4107 | D:4      | Noticed Blork the orc
  4117 | D:4      | Killed Blork the orc
  4206 | D:4      | Found a sparkling altar of Nemelex Xobeh.
  4276 | D:4      | Became a worshipper of Nemelex Xobeh the Trickster
  4300 | D:5      | Entered Level 5 of the Dungeon
  4315 | D:5      | Found a burning altar of Makhleb.
  4449 | D:5      | Noticed Menkaure
  4454 | D:5      | Killed Menkaure
  4455 | D:5      | Reached skill level 5 in Throwing
  4455 | D:5      | Reached skill level 8 in Stealth
  4455 | D:5      | Reached skill level 1 in Invocations
  4547 | D:5      | Reached XP level 8. HP: 48/48 MP: 9/9
  4607 | D:5      | Found a hazy altar of Hepliaklqana.
  4805 | D:5      | Found a bloodstained altar of Trog.
  5251 | D:6      | Noticed Eustachio
  5255 | D:6      | Killed Eustachio
  5256 | D:6      | Reached skill level 5 in Fighting
  5296 | D:6      | Reached skill level 5 in Dodging
  5296 | D:6      | Reached skill level 9 in Stealth
  5384 | D:6      | Reached * piety under Nemelex Xobeh
  5417 | D:6      | Received a gift from Nemelex Xobeh
  5542 | D:6      | Found Bahorph's Magic Scroll Boutique.
  5547 | D:6      | Bought a scroll of identify for 28 gold pieces
  5547 | D:6      | Bought a scroll of identify for 28 gold pieces
  5604 | D:6      | Reached XP level 9. HP: 54/54 MP: 12/12
  5718 | D:6      | Found a hide-covered altar of Uskayaw.
  6027 | D:6      | Reached skill level 5 in Invocations
  6340 | D:7      | Reached skill level 10 in Stealth
  6382 | D:7      | Found a staircase to the Ecumenical Temple.
  6528 | Temple   | Found a transporter.
  6528 | Temple   | Found a transporter.
  6528 | Temple   | Found a transporter.
  6528 | Temple   | Found a transporter.
  6528 | Temple   | Entered the Ecumenical Temple
  6797 | D:7      | Mangled by a wyvern

Illustrated notes

Levels and vault maps discovered:
D:1:      wander_arrival_estate, layout_basic, hangedman_abyss_or_decor_stabs
D:2:      layout_basic
D:3:      layout_loops_ring, lemuel_tele_altar, nicolae_ecumenical_pavilion,
          lightli_sewer_entry_pipes, chequers_serial_rivers_micro_c,
          uniq_sigmund
D:4:      layout_loops_ring, mainiacjoe_overflow_alcove_2,
          nemelex_dance_club_becter, minmay_misc_feat_ornament,
          uniq_blork_the_orc
D:5:      layout_rooms, mainiacjoe_overflow_big_doors,
          mainiacjoe_overflow_paths, uniq_menkaure
D:6:      layout_cave_pools, nicolae_overflow_hidden_temple, serial_shops, shop,
          minmay_fire_ice_demons, uniq_eustachio
D:7:      layout_basic, minmay_temple_entry_glassed_door
Temple:   hellmonk_temple_divided_pantheon

Skill      XL: |  1  2  3  4  5  6  7  8  9 |
---------------+----------------------------+-----
Short Blades   | 3 4 5 |  5.0
Throwing       | 3 4 5 |  5.0
Stealth        | 6 7 8 9 10 | 10.0
Dodging        | 2 3 5 |  5.0
Fighting       | 4 5 |  5.0
Invocations    | 2 4 6 |  6.7

Action                     |  1- 3 |  4- 6 |  7- 9 || total
---------------------------+-------+-------+-------++-------
  Melee: Dagger            |    73 |   155 |   178 ||   406
         Punch             |       |     3 |       ||     3
  Throw: Dart              |     4 |    11 |    42 ||    57
 Invoke: Draw Destruction  |       |       |     4 ||     4
    Use: Scroll            |       |     5 |     5 ||    10
         Potion            |       |     4 |     3 ||     7
   Stab: Sleeping          |    18 |    21 |    17 ||    56
         Distracted        |       |     1 |       ||     1
 Armour: Robe              |    19 |    68 |    63 ||   150
  Dodge: Dodged            |    33 |   121 |   111 ||   265

Table legend: (Time is in decaauts)
 A = Elapsed time spent in this place.
 B = Non-inter-level travel time spent in this place.
 C = Inter-level travel time spent in this place.
 D = Time resting spent in this place.
 E = Time spent auto-exploring this place.
 F = Levels seen in this place.
 G = Mean time per level.
                   A        B        C        D        E       F      G
               +--------+--------+--------+--------+--------+-----+--------+
         Total |   6907 |   6841 |     66 |    702 |   3221 |   9 |  767.4 |
       Dungeon |   5898 |   5832 |     66 |    578 |   3087 |   7 |  842.6 |
        Temple |     59 |     59 |      0 |      0 |      0 |   1 |   59.0 |
         Sewer |    948 |    948 |      0 |    124 |    134 |   1 |  948.0 |
               +--------+--------+--------+--------+--------+-----+--------+

Top non-repeatable levels by time:
     D:6: 1339 daAuts
     D:3: 1048 daAuts
   Sewer: 948 daAuts
     D:1: 861 daAuts
     D:4: 838 daAuts
     D:2: 763 daAuts
     D:5: 670 daAuts
     D:7: 377 daAuts
  Temple: 59 daAuts
